 Seeded DCSS version 0.29-a0-582-ge82337ba6a (webtiles) character file.

Game seed: 15365698241562535373 (custom seed)

52217 Patoropollo the Fencer (level 14, 0/129 HPs)
             Began as a Minotaur Fighter on June 14, 2022.
             Was a High Priest of the Shining One.
             Slain by a six-headed hydra (3 damage)
             ... on level 6 of the Lair of Beasts.
             The game lasted 00:40:59 (24980 turns).

Patoropollo the Fencer (Minotaur Fighter)          Turns: 24980, Time: 00:40:59

Health: 0/129      AC: 18    Str: 21    XL:     14   Next: 26%
Magic:  0/13       EV: 15    Int:  5    God:    the Shining One [*****.]
Gold:   1469       SH:  7    Dex: 15    Spells: 13/13 levels left

rFire   + + +      SeeInvis .   p - +0 dagger
rCold   + + .      Faith    .   c - +0 buckler
rNeg    + + .      Spirit   +   b - +5 scale mail {rF+}
rPois   .          Reflect  .   (helmet restricted)
rElec   .          Harm     .   N - scarf {rC+ rF+}
rCorr   .          Rampage  .   E - +0 pair of gloves
Will    +....                   y - +1 pair of boots
Stlth   ..........              B - amulet of guardian spirit
HPRegen 0.31/turn               e - ring of protection from cold
MPRegen 0.13/turn               w - ring of protection from fire

@: about to teleport, glowing
A: horns 2, retaliatory headbutt
a: Renounce Religion, Divine Shield, Cleansing Flame, Summon Divine Warrior


You were on level 6 of the Lair of Beasts.
You worshipped the Shining One.
The Shining One was extremely pleased with you.
You visited 3 branches of the dungeon, and saw 21 of its levels.

You collected 1469 gold pieces.

Inventory:

Hand Weapons
 i - a +4 vorpal double sword
 p - a +0 dagger (weapon)
Missiles
 v - 5 throwing nets (quivered)
Armour
 b - a +5 scale mail of fire resistance (worn)
 c - a +0 buckler (worn)
 y - a +1 pair of boots (worn)
 E - a +0 pair of gloves (worn)
 N - a scarf of resistance (worn)
Jewellery
 e - a ring of protection from cold (left hand)
 l - a ring of resist corrosion
 w - a ring of protection from fire (right hand)
 B - an amulet of guardian spirit (around neck)
 I - a ring of protection from cold
Wands
 d - a wand of mindburst (4)
 j - a wand of charming (18)
 m - a wand of digging (6)
 L - a wand of iceblast (10)
Scrolls
 a - 6 scrolls of poison
 f - 7 scrolls of teleportation
 h - 5 scrolls of magic mapping
 k - 5 scrolls of identify
 u - a scroll of fear
 z - a scroll of vulnerability
 F - 2 scrolls of amnesia
 H - a scroll of silence
 J - 3 scrolls of fog
Potions
 g - 11 potions of curing
 n - 5 potions of brilliance
 o - a potion of haste
 q - 4 potions of resistance
 r - 2 potions of ambrosia
 s - 4 potions of attraction
 t - 6 potions of mutation
 x - a potion of magic
 A - 5 potions of lignification
 G - a potion of invisibility
 M - 5 potions of flight


   Skills:
 + Level 13.5 Fighting
 - Level 16.1 Long Blades
 + Level 13.4 Armour
 + Level 11.5 Dodging
 + Level 13.4 Shields


You had 13 spell levels left.
You didn't know any spells.
Your spell library contained the following spells:

 Spells                   Type           Power      Damage    Failure   Level
 Sublimation of Blood     Necr           0%         N/A       89%         2
 Wereblood                Tmut           0%         N/A       89%         2
 Gell's Gravitas          Tloc           0%         N/A       98%         3
 Lesser Beckoning         Tloc           0%         N/A       98%         3
 Ozocubu's Armour         Ice            0%         N/A       98%         3
 Portal Projectile        Hex/Tloc       0%         N/A       98%         3
 Summon Guardian Golem    Hex/Summ       0%         N/A       98%         3
 Teleport Other           Tloc           0%         N/A       98%         3
 Tukima's Dance           Hex            0%         N/A       98%         3
 Cause Fear               Hex            0%         N/A       100%        4
 Leda's Liquefaction      Hex/Erth       0%         N/A       100%        4
 Blade Hands              Tmut           0%         N/A       100%        5
 Lee's Rapid Deconstruct  Erth           0%         3d5*      100%        5
 Metabolic Englaciation   Hex/Ice        0%         N/A       100%        5
 Simulacrum               Ice/Necr       0%         N/A       100%        6
 Statue Form              Tmut/Erth      0%         N/A       100%        6
 Dragon Form              Tmut           0%         N/A       100%        7
 Orb of Destruction       Conj           0%         9d5       100%        7
 Spellforged Servitor     Conj/Summ      0%         N/A       100%        7
 Summon Hydra             Summ           0%         N/A       100%        7
 Dragon's Call            Summ           0%         N/A       100%        9


Dungeon Overview and Level Annotations

Branches:
Dungeon (14/15)            Temple (1/1) D:6            Lair (6/6) D:8
  Swamp (0/4) Lair:4        Snake (0/4) Lair:3          Orc (0/2) D:9
 Vaults (0/5) D:13
  Slime: Lair:5-6

Altars:
Ashenzari
Elyvilon
Fedhas
Gozag
Hepliaklqana
Makhleb
Nemelex Xobeh
Okawaru
Qazlal
Ru
Trog
Uskayaw
Vehumet
Zin
The Shining One
Beogh

Shops:
D:6 *   D:13 *

Annotations:
Lair:2 3 runed translucent doors, Xerghaum's ghost, journeyman GnFi; croobank's ghost, journeyman GnDe; spiderkeys's ghost, journeyman DEAK


Innate Abilities, Weirdness & Mutations

You have a pair of horns on your head.
You reflexively headbutt those who attack you in melee.


Message History

The six-headed hydra barely misses you.
The dream sheep bites you but does no damage.
As you read the scroll of teleportation, it crumbles to dust.
You feel strangely unstable.
The six-headed hydra bites you but does no damage. x3
The six-headed hydra bites you. x2
The six-headed hydra bites you but does no damage.
The dream sheep ruffle their wool and motes of dream dust sparkle, to no effect.
The dream sheep shake their wool and sparkle.
You feel drowsy...
You fall asleep.
The dream sheep bites you but does no damage.
The six-headed hydra bites you!!
You wake up.
* * * LOW HITPOINT WARNING * * *
The six-headed hydra bites you.
* * * LOW HITPOINT WARNING * * *
The six-headed hydra misses you. The six-headed hydra bites you.
* * * LOW HITPOINT WARNING * * *
The six-headed hydra bites you!
* * * LOW HITPOINT WARNING * * *
The six-headed hydra misses you.
Unknown command.
You hit the six-headed hydra.
The six-headed hydra is moderately wounded.
The six-headed hydra bites you.
* * * LOW HITPOINT WARNING * * *
The six-headed hydra bites you.
* * * LOW HITPOINT WARNING * * *
The six-headed hydra closely misses you.
The six-headed hydra bites you!
* * * LOW HITPOINT WARNING * * *
The six-headed hydra bites you but does no damage.
The six-headed hydra misses you. You block the dream sheep's attack.
You hit the six-headed hydra but do no damage.
You headbutt the six-headed hydra!
The six-headed hydra is moderately wounded.
You hit the six-headed hydra but do no damage.
The six-headed hydra is moderately wounded.
The six-headed hydra closely misses you.
The six-headed hydra bites you.
You die...

.. ..... ...
....# ....
###...#
#...######..YS##
#..§#§§§#Y...YY
#.§§§8§.Y..#
#§§§§SDY#
###§§SYY##
##.##D@# #.#####
###


You could see a six-headed hydra, a five-headed hydra, a black mamba, a water
moccasin and 5 dream sheep.

Vanquished Creatures
  Rupert (Lair:5)
  Gastronok (D:8)
  A ghost moth (D:13)
  The ghost of Wiilli the Spry, an adept SpVM of Vehumet (Lair:4)
  Josephine (Lair:5)
  An ettin (D:13)
  A vault guard (D:13)
  The ghost of xianbchi the Cleaver, a journeyman HOFi of Wu Jian (D:11)
  7 hydras
  Harold (Lair:2)
  A centaur warrior (D:13)
  3 two-headed ogres
  Urug (Lair:5)
  Lodul (D:13)
  An orb spider (shapeshifter) (D:14)
  3 deep elf pyromancers
  A wolf spider (D:13)
  2 ugly things
  3 manticores
  2 cyclopes
  3 elephants (Lair:5)
  2 black mambas
  Joseph (D:8)
  A gargoyle (D:10)
  Maggie (D:9)
  An unseen horror (D:10)
  12 cane toads
  6 komodo dragons
  A kobold demonologist (D:9)
  A rime drake (Lair:1)
  5 trolls
  2 hornets
  Prince Ribbit (D:6)
  5 slime creatures
  4 dream sheep (Lair:4)
  A polar bear (Lair:5)
  4 blink frogs (Lair:5)
  5 wyverns
  A shadow (D:11)
  53 yaks
  6 wraiths
  2 basilisks (D:8)
  2 steam dragons
  8 vampire mosquitoes
  4 nagas (Lair:3)
  A warg (D:11)
  3 swamp worms (Lair:4)
  An acid dragon (D:12)
  15 water moccasins
  2 black bears
  2 ice beasts
  10 orc warriors
  2 sky beasts
  10 ogres
  4 boggarts (Lair:5)
  4 wolves (Lair:5)
  8 centaurs
  A phantom (D:6)
  A kobold brigand (D:8)
  A necrophage (D:8)
  12 bullfrogs
  A gnoll sergeant (D:9)
  A scorpion (D:5)
  4 wights (D:9)
  9 killer bees
  3 electric eels
  4 howler monkeys
  9 hounds
  10 orc priests
  Jessica (D:3)
  3 iguanas
  Natasha (thrice) (D:3)
  10 orc wizards
  9 adders
  16 gnolls
  2 shadow imps
  A white imp (D:6)
  A worm (D:3)
  4 dart slugs
  52 orcs
  9 ball pythons
  8 endoplasms
  4 giant cockroaches
  7 hobgoblins
  3 jackals (D:4)
  4 quokkas
  4 bats
  3 frilled lizards
  10 goblins
  12 kobolds
  2 rats
452 creatures vanquished.

Vanquished Creatures (others)
  22 fungi
  20 plants
42 creatures vanquished.

Grand Total: 494 creatures vanquished

Notes
Turn   | Place    | Note
-------+----------+-------------------------------------------
     0 | D:1      | Patoropollo the Minotaur Fighter began the quest for the
                  | Orb.
     0 | D:1      | Reached XP level 1. HP: 19/19 MP: 0/0
   221 | D:1      | Reached XP level 2. HP: 26/27 MP: 1/1
   308 | D:1      | Found a faded altar of an unknown god.
   493 | D:1      | Reached skill level 3 in Long Blades
   520 | D:1      | Reached XP level 3. HP: 32/33 MP: 2/2
  1608 | D:2      | Reached skill level 4 in Long Blades
  1789 | D:2      | Reached XP level 4. HP: 38/40 MP: 3/3
  1959 | D:3      | Found a hazy altar of Hepliaklqana.
  1960 | D:3      | Found a sacrificial altar of Ru.
  1960 | D:3      | Found a white marble altar of Elyvilon.
  1960 | D:3      | Found a radiant altar of Vehumet.
  1962 | D:3      | Found a glowing golden altar of the Shining One.
  1967 | D:3      | Found a stormy altar of Qazlal.
  1974 | D:3      | Noticed Jessica
  1984 | D:3      | Became a worshipper of the Shining One
  1985 | D:3      | Killed Jessica
  2049 | D:3      | Reached skill level 5 in Long Blades
  2171 | D:3      | Reached XP level 5. HP: 24/46 MP: 4/4
  2474 | D:3      | Reached skill level 6 in Long Blades
  2771 | D:3      | Noticed Natasha
  2777 | D:3      | Killed Natasha
  2778 | D:3      | Reached skill level 7 in Long Blades
  2778 | D:3      | Reached XP level 6. HP: 40/52 MP: 5/5
  3273 | D:3      | Noticed Natasha
  3279 | D:3      | Killed Natasha
  3347 | D:3      | Noticed Natasha
  3350 | D:3      | Killed Natasha
  3364 | D:4      | Found a glowing silver altar of Zin.
  3375 | D:4      | Found a sparkling altar of Nemelex Xobeh.
  3472 | D:4      | Reached skill level 8 in Long Blades
  3476 | D:4      | Reached * piety under the Shining One
  3648 | D:4      | Reached XP level 7. HP: 29/59 MP: 6/6
  3825 | D:4      | Found a burning altar of Makhleb.
  4235 | D:5      | Entered Level 5 of the Dungeon
  4446 | D:5      | Reached skill level 9 in Long Blades
  4461 | D:5      | Reached skill level 10 in Long Blades
  5106 | D:5      | Reached skill level 11 in Long Blades
  5106 | D:5      | Reached XP level 8. HP: 55/66 MP: 7/7
  5399 | D:6      | Found Torchesyt's Sacrilege Store.
  5431 | D:6      | Found a broken altar of Ashenzari.
  5511 | D:6      | Noticed Prince Ribbit
  5530 | D:6      | Killed Prince Ribbit
  5625 | D:6      | Reached skill level 12 in Long Blades
  5847 | D:6      | Found a staircase to the Ecumenical Temple.
  5857 | Temple   | Entered the Ecumenical Temple
  5957 | D:6      | Reached skill level 13 in Long Blades
  6361 | D:7      | Reached XP level 9. HP: 71/71 MP: 8/8
  6394 | D:7      | Identified the +0 robe of the First Brambles {Dex+3 Stlth+}
  6509 | D:7      | Reached skill level 14 in Long Blades
  7165 | D:8      | Reached skill level 15 in Long Blades
  7306 | D:8      | Noticed Gastronok
  7319 | D:8      | Killed Gastronok
  7320 | D:8      | Reached skill level 16 in Long Blades
  7320 | D:8      | Reached XP level 10. HP: 45/80 MP: 5/9
  7524 | D:8      | Reached ** piety under the Shining One
  7529 | D:8      | Reached skill level 5 in Fighting
  7529 | D:8      | Reached skill level 5 in Shields
  7536 | D:8      | Reached skill level 5 in Armour
  7537 | D:8      | Reached skill level 1 in Dodging
  8015 | D:8      | Noticed Joseph
  8031 | D:8      | Killed Joseph
  8435 | D:8      | Found a staircase to the Lair.
  8993 | D:9      | Found a hide-covered altar of Uskayaw.
  9062 | D:9      | Found a staircase to the Orcish Mines.
  9221 | D:9      | Found a large runed translucent door.
  9224 | D:9      | Found a large runed translucent door.
  9340 | D:9      | Noticed Maggie
  9344 | D:9      | Killed Maggie
  9645 | D:9      | Found an iron altar of Okawaru.
  9659 | D:9      | Found an opulent altar of Gozag.
  9667 | D:9      | Reached XP level 11. HP: 92/92 MP: 10/10
  9727 | D:10     | Entered Level 10 of the Dungeon
  9763 | D:10     | Noticed a brown ugly thing
  9779 | D:10     | Killed a brown ugly thing
  9913 | D:10     | Reached skill level 5 in Dodging
 10264 | D:10     | Reached *** piety under the Shining One
 10981 | D:11     | Noticed a two-headed ogre
 11131 | D:11     | Killed a two-headed ogre
 11172 | D:11     | Found a runed translucent gate.
 11243 | D:11     | Found a runed translucent gate.
 11243 | D:11     | Found a runed translucent gate.
 11246 | D:11     | Noticed xianbchi's ghost (journeyman HOFi)
 11362 | D:11     | Found a blossoming altar of Fedhas.
 11973 | D:11     | Killed xianbchi's ghost
 11973 | D:11     | Reached **** piety under the Shining One
 12252 | D:12     | Noticed a deep elf pyromancer
 12257 | D:12     | Killed a deep elf pyromancer
 12262 | D:12     | Reached XP level 12. HP: 101/105 MP: 11/11
 12399 | D:12     | Noticed a two-headed ogre
 12405 | D:12     | Killed a two-headed ogre
 12444 | D:12     | Reached skill level 10 in Fighting
 12456 | D:11     | Reached skill level 10 in Shields
 12761 | D:12     | Noticed a two-headed ogre
 12767 | D:12     | Reached skill level 10 in Armour
 12769 | D:12     | Killed a two-headed ogre
 13807 | D:12     | You fall into a shaft and drop 2 floors!
 14107 | D:13     | Found Gyw Wiyg's Elemental Accessories.
 14540 | D:13     | Noticed an ettin
 14543 | D:13     | Killed an ettin
 14646 | D:13     | Noticed Lodul
 14662 | D:13     | Killed Lodul
 15207 | D:13     | Noticed a centaur warrior
 15215 | D:13     | Killed a centaur warrior
 15416 | D:13     | Noticed a six-headed hydra
 15421 | D:13     | Noticed a ghost moth
 15421 | D:13     | a six-headed hydra changed into a ghost moth
 15427 | D:13     | Killed a ghost moth
 15754 | D:13     | Reached ***** piety under the Shining One
 15760 | D:13     | Noticed a four-headed hydra
 15771 | D:13     | Noticed a vault guard
 15776 | D:13     | Killed a four-headed hydra
 15777 | D:13     | Reached XP level 13. HP: 92/116 MP: 5/12
 15995 | D:13     | Found a gate to the Vaults.
 16434 | Lair:1   | Entered Level 1 of the Lair of Beasts
 18333 | Lair:2   | Found a runed translucent gate.
 18334 | Lair:2   | Found a runed translucent gate.
 18335 | Lair:2   | Found a runed translucent gate.
 18381 | Lair:2   | Noticed Harold
 18388 | Lair:2   | Killed Harold
 18413 | Lair:2   | Reached skill level 10 in Dodging
 19001 | Lair:2   | Noticed Xerghaum's ghost (journeyman GnFi)
 19001 | Lair:2   | Noticed spiderkeys's ghost (journeyman DEAK)
 19001 | Lair:2   | Noticed croobank's ghost (journeyman GnDe)
 19837 | Lair:3   | Found a staircase to the Snake Pit.
 21858 | Lair:4   | HP: 2/119 [dream sheep (5)]
 22297 | Lair:4   | Found a hazy altar of Hepliaklqana.
 22731 | Lair:4   | Found a runed translucent door.
 22731 | Lair:4   | Noticed Wiilli's ghost (adept SpVM)
 22858 | Lair:4   | Found a staircase to the Swamp.
 23011 | Lair:4   | HP: 5/119 [Wiilli's ghost (8)]
 23016 | Lair:4   | Killed Wiilli's ghost
 23396 | Lair:5   | Noticed Josephine
 23409 | Lair:5   | Killed Josephine
 23410 | Lair:5   | Reached XP level 14. HP: 100/129 MP: 10/13
 24357 | Lair:5   | Noticed Rupert
 24359 | Lair:5   | Noticed Urug
 24375 | Lair:5   | Paralysed by Rupert for 3 turns
 24388 | Lair:5   | Killed Rupert
 24398 | Lair:5   | Killed Urug
 24954 | Lair:6   | Entered Level 6 of the Lair of Beasts
 24978 | Lair:6   | HP: 2/129 [six-headed hydra (10)]
 24980 | Lair:6   | Slain by a six-headed hydra

Illustrated notes

Levels and vault maps discovered:
D:1:      minmay_arrival_floating_metal, layout_loops_ring,
          shapermc_ecumenical_altar_mp_urbaneastern, minmay_tromino_v4_b
D:2:      layout_basic, minmay_misc_feat_five
D:3:      layout_basic, grunt_temple_overflow_open, uniq_natasha, uniq_jessica
D:4:      layout_loops_ring, mainiacjoe_overflow_chevrons,
          mainiacjoe_overflow_catwalk_spiral
D:5:      layout_gridville
D:6:      layout_basic, nicolae_ashenzari_skybound,
          minmay_temple_entry_poolview, nicolae_evil_shop, uniq_prince_ribbit1
D:7:      layout_loops_ring, minmay_crystal_room, minmay_stone_trees_medium
D:8:      layout_cave_pools, erik_lair_dragon, serial_glass, glass_columns_a,
          glass_columns_a, glass_columns_b, glass_columns_b, glass_columns_b,
          glass_columns_a, uniq_gastronok, uniq_joseph
D:9:      layout_basic, nicolae_uskayaw_suspiria, jmf_multi_god_temple2,
          minmay_orc_entry_temple_small, serial_corexii_hall,
          chequers_hall_statues_corner_a, corexii_hall_statues_x, uniq_maggie
D:10:     layout_loops_ring
D:11:     layout_loops_cross, biasface_ghost_orc_armoury,
          fedhas_bush_and_centaur_altar
D:12:     layout_layer_cave, chequers_serial_rivers_small_a
D:13:     layout_basic, david_vaults_5, nicolae_elemental_shop,
          minmay_three_doors, uniq_lodul
D:14:     layout_loops_corners, minmay_misc_feat_enclosed
Temple:   compressed_dpeg_triangle_lava_temple
Lair:1:   layout_cave_pods, grunt_megastairs_4
Lair:2:   layout_gridlike, gammafunk_ghost_cemetery, uniq_harold
Lair:3:   layout_misc_corridors, minmay_snake_entry_guardpost_medium,
          serial_bayou_shore_a, grunt_megastairs_1
Lair:4:   layout_regular_city, palyth_hydra_swamp_entry, gammafunk_ghost_grave,
          lemuel_centaur_altar, grunt_megastairs_2
Lair:5:   layout_gridlike, kilobyte_rumbling_trees, infiniplex_staircase_pool,
          uniq_rupert, uniq_josephine, uniq_urug
Lair:6:   guppyfry_lair_end_dragon, layout_big_grid, minmay_slime_entry_pillars,
          chequers_serial_rivers_micro_e, grunt_megastairs_5

Skill      XL: |  1  2  3  4  5  6  7  8  9 10 11 12 13 |
---------------+----------------------------------------+-----
Shields        | 4 7 9 11 13 | 13.4
Fighting       | 4 7 9 11 13 | 13.5
Armour         | 4 7 9 11 13 | 13.4
Long Blades    | 3 4 5 7 8 11 13 16 | 16.1
Dodging        | 4 7 9 11 | 11.5

Action                   |  1- 3 |  4- 6 |  7- 9 | 10-12 | 13-15 || total
-------------------------+-------+-------+-------+-------+-------++-------
Melee: Long sword        |    45 |       |       |       |       ||    45
       Headbutt          |     7 |    16 |    20 |   153 |   104 ||   300
       Double sword      |    52 |   122 |   122 |   479 |   420 ||  1195
       Unarmed           |       |       |       |     8 |    48 ||    56
       Dagger            |       |       |       |       |    13 ||    13
Throw: Throwing net      |       |       |       |     3 |     5 ||     8
Evoke: Wand              |       |       |       |     6 |       ||     6
  Use: Potion            |       |       |     2 |     3 |    11 ||    16
       Scroll            |       |       |    24 |     7 |     8 ||    39
Armor: Scale mail        |    44 |    42 |    52 |    86 |   281 ||   505
       Plate armour      |       |       |       |   111 |       ||   111
       Skin              |       |       |       |       |     3 ||     3
Dodge: Dodged            |    52 |    44 |    52 |   185 |   380 ||   713
Block: Buckler           |    29 |    32 |    33 |   119 |   214 ||   427

Table legend: (Time is in decaauts)
 A = Elapsed time spent in this place.
 B = Non-inter-level travel time spent in this place.
 C = Inter-level travel time spent in this place.
 D = Time resting spent in this place.
 E = Time spent auto-exploring this place.
 F = Levels seen in this place.
 G = Mean time per level.
                   A        B        C        D        E       F      G
               +--------+--------+--------+--------+--------+-----+--------+
         Total |  24849 |  23755 |   1094 |      0 |  20886 |  21 | 1183.3 |
       Dungeon |  16393 |  15414 |    979 |      0 |  13437 |  14 | 1170.9 |
        Temple |      1 |      1 |      0 |      0 |      0 |   1 |    1.0 |
          Lair |   8454 |   8340 |    114 |      0 |   7448 |   6 | 1409.0 |
               +--------+--------+--------+--------+--------+-----+--------+

Top non-repeatable levels by time:
  Lair:4: 3264 daAuts
    D:12: 1834 daAuts
    D:13: 1825 daAuts
  Lair:1: 1738 daAuts
  Lair:5: 1515 daAuts
     D:8: 1491 daAuts
     D:3: 1418 daAuts
    D:10: 1396 daAuts
    D:11: 1182 daAuts
     D:5: 1142 daAuts
     D:9: 1141 daAuts
     D:1: 1130 daAuts
  Lair:3: 1050 daAuts
     D:6: 895 daAuts
     D:4: 880 daAuts
